 Dungeon Crawl Stone Soup version 0.29.1-15-g9cfb28693d (webtiles) character file.

Game seed: 13337067416357313536

46 ChiefBigBeans the Grave Robber (level 3, -3/28 HPs)
             Began as a Ghoul Necromancer on Feb 23, 2023.
             Slain by Natasha (8 damage)
             ... on level 2 of the Dungeon.
             The game lasted 00:08:45 (2632 turns).

ChiefBigBeans the Grave Robber (Ghoul Necromancer)  Turns: 2632, Time: 00:08:46

Health: -3/28      AC:  4    Str: 11 (13) XL:     3   Next: 66%
Magic:  0/5        EV: 11    Int:  8 (10) God:
Gold:   141        SH:  5    Dex:  4 (9)  Spells: 5/6 levels left

rFire   . . .      SeeInvis .   m - staff of death
rCold   + . .      Faith    .   (no shield)
rNeg    + + +      Spirit   .   e - +1 leather armour
rPois   ∞          Reflect  +   (no helmet)
rElec   .          Harm     .   (no cloak)
rCorr   .          Rampage  .   (no gloves)
Will    .....                   (no boots)
Stlth   +.........              l - amulet of reflection
HPRegen 0.00/turn               (no ring)
MPRegen 0.09/turn               (no ring)

@: inhibited regen
A: claws 1, cold resistance 1, negative energy resistance 3, inhibited
regeneration, torment resistance 2, devour on kill
a: no special abilities


You were on level 2 of the Dungeon.
You visited 1 branch of the dungeon, and saw 2 of its levels.

You collected 141 gold pieces.

Inventory:

Hand Weapons
 d - a +0 short sword
Armour
 a - a +0 robe
 c - a +0 scale mail
 e - a +1 leather armour (worn)
Magical Staves
 m - a staff of death (weapon)
Jewellery
 i - an amulet of guardian spirit
 l - an amulet of reflection (around neck)
Scrolls
 g - a scroll of immolation
 h - a scroll of blinking
Potions
 b - a potion of magic
 f - a potion of might
 j - 3 potions of curing
 k - a potion of resistance


   Skills:
 + Level 1.2 Fighting
 - Level 0.5 Short Blades
 + Level 0.1 Staves
 + Level 1.1 Armour
 - Level 1.8 Dodging
 - Level 2.2 Stealth
 + Level 2.1 Spellcasting
 + Level 4.3 Necromancy


You had 5 spell levels left.
You knew the following spells:

 Your Spells              Type           Power      Damage    Failure   Level
a - Necrotise             Necr           44%        1d6       8%          1

Your spell library contained the following spells:

 Spells                   Type           Power      Damage    Failure   Level
 Vampiric Draining        Necr           11%        2d6       24%         3
 Animate Dead             Necr           11%        N/A       61%         4
 Ozocubu's Armour         Ice            0%         N/A       80%         3
 Agony                    Necr           11%        N/A       91%         5
 Ozocubu's Refrigeration  Ice            0%         4d7       100%        7


Dungeon Overview and Level Annotations

Branches:
Dungeon (2/15)

Altars:

Shops:
D:1 :

Annotations:
D:2 Natasha


Innate Abilities, Weirdness & Mutations

You are immune to poison.
You have sharp fingernails.
Your flesh is cold resistant. (rC+)
You are immune to negative energy. (rN+++)
You do not regenerate when monsters are visible.
You are immune to unholy pain and torment.
You thrive by killing the living.


Message History

The ball python barely misses your bat skeleton.
The ball python closely misses your bat skeleton.
Your bat skeleton hits Natasha but does no damage.
Natasha claws you.
You barely miss Natasha.
Natasha is heavily wounded.
Your bat skeleton barely misses Natasha.
Your bat skeleton closely misses Natasha.
The ball python bites your bat skeleton.
The ball python grabs your bat skeleton.
The ball python constricts your bat skeleton.
Your bat skeleton hits the ball python.
Natasha barely misses you.
The ball python bites your bat skeleton.
The ball python constricts your bat skeleton.
Your bat skeleton barely misses the ball python.
You closely miss Natasha.
Natasha is heavily wounded.
Your bat skeleton barely misses the ball python.
Your bat skeleton closely misses the ball python.
Natasha claws you.
The ball python bites your bat skeleton.
Your bat skeleton is destroyed!
You feel a surge of power!
Natasha struggles to resist.
Natasha casts a spell at you. The magic dart hits you!
You block the ball python's attack. The ball python grabs you.
The ball python constricts you.
You are too injured to fight recklessly!
You are too injured to fight recklessly!
You escape the ball python's grasp.
Natasha barely misses you.
Aiming: Necrotise (safe; 8% risk of failure)
Press: ? - help, Q - select action Shift-Dir - straight line, f - ball python, p - Natasha
Aim: a ball python (moderately wounded, chance to affect: 80%)
You feel a surge of power!
Natasha writhes in agony.
Natasha claws you but does no damage. Natasha casts a spell at you.
The magic dart hits you!
* * * LOW HITPOINT WARNING * * *
Your magical contamination has completely faded away.
Natasha claws you!
You die...

#....#.# #.### ####.#.# #.#
#.#.# #.# .###### ####
#.#.# #.# ....... ....
#.#.# #.# ####### ..# #.#.#
#.# #.# #.#.## #.# #######
#.#.###....#####.# .......
..#.............@# .......
..#####..#.##..h####.[.....
.(# #.###.....S..........
## ..#
##.#.##...####....... ..
..# ##.####### ....... ##
..#######.# .......
..........##### .......
#.####<.......# ....... ..#
#.######.#############


You could see Natasha.

Vanquished Creatures
  An adder (D:2)
  An endoplasm (D:1)
  3 giant cockroaches
  3 goblins
  3 hobgoblins
  2 jackals (D:2)
  2 quokkas
  3 ball pythons
  4 bats (D:2)
  3 frilled lizards
  3 kobolds
  4 rats
32 creatures vanquished.

Vanquished Creatures (collateral kills)
  An endoplasm (D:2)
  A rat (D:2)
2 creatures vanquished.

Grand Total: 34 creatures vanquished

Notes
Turn   | Place    | Note
-------+----------+-------------------------------------------
     0 | D:1      | ChiefBigBeans the Ghoul Necromancer began the quest for the
                  | Orb.
     0 | D:1      | Reached XP level 1. HP: 14/14 MP: 2/2
   240 | D:1      | Found Liphan's Book Shoppe.
   423 | D:1      | Reached XP level 2. HP: 22/22 MP: 1/3
  1674 | D:2      | Reached skill level 1 in Fighting
  1674 | D:2      | Reached XP level 3. HP: 13/28 MP: 1/5
  1919 | D:2      | Found a faded altar of an unknown god.
  1954 | D:2      | Reached skill level 1 in Armour
  2615 | D:2      | Noticed Natasha
  2632 | D:2      | Slain by Natasha

Illustrated notes

Levels and vault maps discovered:
D:1:      lightli_arrival_boilingwater, layout_basic, serial_shops, shop
D:2:      layout_loops_ring, shapermc_ecumenical_altar_mp_vishouse, uniq_natasha

Skill      XL: |  1  2  3 |
---------------+----------+-----
Spellcasting   | 2 |  2.1
Fighting       | 1 |  1.2
Armour         | 1 |  1.1
Short Blades   | |  0.5
Staves         | |  0.1
Dodging        | |  1.8
Stealth        | |  2.2
Necromancy     | |  4.3

Action                   || total
-------------------------++-------
Melee: Short sword       ||    61
       Unarmed           ||     6
       Staff             ||     6
 Cast: Necrotise         ||    56
  Use: Potion            ||     8
       Scroll            ||     4
Armor: Leather armour    ||    49
       Robe              ||     2
Dodge: Dodged            ||    90
Block: Other             ||    31
       Reflection        ||     1
